Minnesota North Stars vs Toronto Maple Leafs
(R1)
Created - Saturday, December 23, 2023 at 07:49
Goals
|
| Minnesota North Stars |
0 |
0 |
4 |
4 |
| Toronto Maple Leafs |
0 |
2 |
1 |
3 |
|
Shots
|
| Minnesota North Stars |
3 |
13 |
20 |
36 |
| Toronto Maple Leafs |
14 |
14 |
14 |
42 |
|
1st period
No Goal
Penalties :
Aaron Ekblad (TOR) for Diving (Minor) at 5:03, Brandon Montour (MNS) for Hooking (Minor) at 19:22
2nd period
1. Toronto Maple Leafs , Scott Laughton 2 (Troy Terry 4, Trevor Zegras 2) at 3:54
2. Toronto Maple Leafs , Cody Ceci 1 (Andrew Mangiapane 1, Nicolas Roy 1) at 17:32
Penalties :
Adam Lowry (MNS) for Holding (Minor) at 6:37, Sam Bennett (TOR) for Goalie Interference (Minor) at 9:38, Brock Nelson (MNS) for Roughing (Minor) at 14:06, Aaron Ekblad (TOR) for Roughing (Minor) at 17:55
3rd period
3. Minnesota North Stars , Evgeni Malkin 2 (Jeff Skinner 3, Brandon Montour 3) at 4:05
4. Minnesota North Stars , Brandon Montour 1 (Jeff Skinner 4, Evgeni Malkin 3) at 9:49 (PP)
5. Minnesota North Stars , Gustav Forsling 2 (Evgeni Malkin 4) at 17:33 (PP)
6. Minnesota North Stars , Ryan Nugent-Hopkins 2 (Brandon Montour 4) at 18:08
7. Toronto Maple Leafs , Brady Tkachuk 1 (Troy Terry 5, Sam Bennett 2) at 19:07 (PP)
Penalties :
Aaron Ekblad (TOR) for Interference (Minor) at 4:27, Aaron Ekblad (TOR) for Holding (Minor) at 9:17, Luke Schenn (TOR) for Hooking (Minor) at 10:35, Luke Schenn (TOR) for Holding Stick (Minor) at 17:24, Neal Pionk (MNS) for Slashing (Minor) at 19:02
Goalie Stats
Stuart Skinner (MNS), 39 saves from 42 shots - (0.929), W, 3-0-0, 60:00 minutes
Frederik Andersen (TOR), 32 saves from 36 shots - (0.889), L, 0-3-0, 59:26 minutes
Players Stats for Minnesota North Stars
Player Name G A P +/- PIM S H SB GA TA FO MP PP MP PK MP
------------------------------------------------------------------------------------
Adam Lowry 0 0 0 0 2 3 1 1 1 0 0/0 14:45 0:20 1:50
Brandon Montour 1 2 3 2 2 4 0 1 0 1 0/0 22:38 4:25 0:00
Brock Nelson 0 0 0 0 2 2 2 1 2 1 8/17 19:13 5:48 1:47
Derick Brassard 0 0 0 -1 0 2 2 1 1 1 1/7 8:48 0:14 0:03
Eeli Tolvanen 0 0 0 -1 0 1 0 0 0 0 0/1 8:05 0:00 0:00
Evgeni Malkin 1 2 3 0 0 5 1 0 1 1 13/17 15:51 4:48 0:14
Frank Vatrano 0 0 0 0 0 2 2 0 0 1 0/1 15:37 0:34 3:04
Gustav Forsling 1 0 1 -1 0 3 4 1 1 0 0/0 19:51 5:15 3:04
Jack Hughes 0 0 0 1 0 0 0 0 1 0 0/0 16:39 5:14 0:00
Jamie Oleksiak 0 0 0 2 0 1 4 1 0 1 0/0 24:46 4:19 2:58
Jeff Skinner 0 2 2 0 0 2 1 0 0 0 0/1 17:18 4:48 0:44
Jonathan Toews 0 0 0 1 0 2 0 0 0 0 3/3 13:47 0:00 1:42
Justin Holl 0 0 0 -1 0 1 0 0 0 1 0/0 11:01 0:22 0:00
Mattias Samuelsson 0 0 0 -1 0 0 2 0 0 0 0/0 16:54 0:56 2:58
Neal Pionk 0 0 0 -1 2 1 3 2 1 0 0/0 25:10 5:55 3:04
Ryan Nugent-Hopkins 1 0 1 1 0 4 3 0 0 2 10/20 20:07 5:14 2:40
Viktor Arvidsson 0 0 0 -1 0 0 0 0 0 0 0/0 8:10 0:00 0:00
Zach Parise 0 0 0 0 0 3 1 0 1 0 1/2 15:14 4:48 0:00
Players Stats for Toronto Maple Leafs
Player Name G A P +/- PIM S H SB GA TA FO MP PP MP PK MP
------------------------------------------------------------------------------------
Aaron Ekblad 0 0 0 0 8 1 1 0 1 1 0/0 22:11 3:03 1:23
Andrew Mangiapane 0 1 1 0 0 6 1 0 2 1 0/2 13:15 0:13 0:00
Brady Tkachuk 1 0 1 0 0 4 0 0 1 0 1/1 16:03 2:44 0:00
Brandon Saad 0 0 0 0 0 2 0 0 1 0 0/1 12:19 0:00 0:00
Cody Ceci 1 0 1 0 0 2 0 1 0 0 0/0 23:33 0:00 4:55
Dougie Hamilton 0 0 0 0 0 1 0 0 0 0 0/0 21:39 3:03 5:22
Kyle Okposo 0 0 0 0 0 5 2 1 0 0 0/2 17:59 0:00 5:46
Luke Schenn 0 0 0 0 4 1 1 0 0 0 0/0 12:57 0:00 0:00
Mario Ferraro 0 0 0 0 0 0 2 4 0 1 0/0 17:20 2:59 3:51
Nick Bjugstad 0 0 0 -1 0 1 1 0 1 1 11/14 11:39 0:00 4:39
Nicolas Roy 0 1 1 0 0 2 1 0 0 2 7/14 16:49 0:00 4:39
Nino Niederreiter 0 0 0 -1 0 4 0 0 0 0 0/1 10:46 3:05 0:17
Ryan Pulock 0 0 0 0 0 4 1 1 0 2 0/0 20:40 2:59 5:06
Sam Bennett 0 1 1 0 2 2 1 0 0 0 2/12 15:50 2:44 0:00
Scott Laughton 1 0 1 1 0 1 1 0 0 0 10/19 20:07 3:18 5:47
Trevor Zegras 0 1 1 1 0 1 3 1 1 1 0/0 15:03 3:18 0:35
Troy Terry 0 2 2 1 0 4 2 0 2 0 1/2 14:27 2:44 0:00
Warren Foegele 0 0 0 -1 0 1 0 0 0 0 1/1 6:40 0:00 0:04
3 Stars
1 - Brandon Montour (MNS)
2 - Evgeni Malkin (MNS)
3 - Ryan Nugent-Hopkins (MNS)
Power Play
Minnesota North Stars - 2 on 7 Attempt(s) - 28.57%
Toronto Maple Leafs - 1 on 4 Attempt(s) - 25.00%
Penalty Kill
Minnesota North Stars - 3 on 4 Attempt(s) - 75.00%
- Score 0 goal in Penalty Kill
Toronto Maple Leafs - 5 on 7 Attempt(s) - 71.43%
- Score 0 goal in Penalty Kill
Team Stat
Minnesota North Stars - Hits : 26 - Faceoff Wins : 36 - Blocked Shots : 8 - Penalty Minutes : 8
Toronto Maple Leafs - Hits : 17 - Faceoff Wins : 33 - Blocked Shots : 8 - Penalty Minutes : 14
Official
Referees : Kyle Rehman and Justin StPierre
Linesman : Matt MacPherson and Derek Nansen
Game Notes
Mario Ferraro is injured at 9:33 of 3rd period (Sprained Right Ankle)
Finance
Level 1 -- Attendance: 6000 (100.00%) -- Ticket Income $564,000
Level 2 -- Attendance: 5000 (100.00%) -- Ticket Income $270,000
Level 3 -- Attendance: 2976 (99.20%) -- Ticket Income $98,208
Level 4 -- Attendance: 5000 (100.00%) -- Ticket Income $105,000
Luxury Box -- Attendance: 993 (99.30%) -- Ticket Income $191,649
Game was played at the Air Canada Centre.
Total Attendance: 19969 (99.85%)
Total Ticket Income: $1,228,857
Other Income: $430,100
Total Income: $1,658,957
Minnesota North Stars
5 vs 5 Forward
Center Left Wing Right Wing Time % Phy DF OF
1 Ryan Nugent-Hopkins Jack Hughes Jonathan Toews 30 1 2 2
2 Evgeni Malkin Adam Lowry Zach Parise 29 1 2 2
3 Brock Nelson Frank Vatrano Jeff Skinner 29 1 2 2
4 Derick Brassard Viktor Arvidsson Eeli Tolvanen 12 1 2 2
5 vs 5 Defense
Defense Defense Time % Phy DF OF
1 Brandon Montour Jamie Oleksiak 30 1 2 2
2 Neal Pionk Mattias Samuelsson 30 1 2 2
3 Justin Holl Gustav Forsling 25 1 2 2
4 Brandon Montour Jamie Oleksiak 15 1 2 2
PowerPlay Forward
Center Left Wing Right Wing Time % Phy DF OF
1 Ryan Nugent-Hopkins Brock Nelson Jack Hughes 50 1 1 3
2 Evgeni Malkin Jeff Skinner Zach Parise 50 1 1 3
PowerPlay Defense
Defense Defense Time % Phy DF OF
1 Neal Pionk Brandon Montour 50 1 2 2
2 Jamie Oleksiak Gustav Forsling 50 1 2 2
Penalty Kill 4 Players Forward
Center Wing Time % Phy DF OF
1 Ryan Nugent-Hopkins Adam Lowry 50 1 3 1
2 Brock Nelson Frank Vatrano 50 1 3 1
Penalty Kill 4 Players Defense
Defense Defense Time % Phy DF OF
1 Mattias Samuelsson Jamie Oleksiak 50 1 3 1
2 Neal Pionk Gustav Forsling 50 1 3 1
Penalty Kill - 3 Players Forward
Forward Time % Phy DF OF
1 Ryan Nugent-Hopkins 50 1 3 1
2 Adam Lowry 50 1 3 1
Penalty Kill - 3 Players Defense
Defense Defense Time % Phy DF OF
1 Mattias Samuelsson Jamie Oleksiak 50 1 3 1
2 Neal Pionk Gustav Forsling 50 1 3 1
4 vs 4 Forward
Center Wing Time % Phy DF OF
1 Ryan Nugent-Hopkins Jack Hughes 50 1 2 2
2 Brock Nelson Evgeni Malkin 50 1 2 2
4 vs 4 Defense
Defense Defense Time % Phy DF OF
1 Gustav Forsling Jamie Oleksiak 50 1 2 2
2 Brandon Montour Neal Pionk 50 1 2 2
Last Minutes Offensive
Center Left Wing Right Wing Defense Defense
Ryan Nugent-Hopkins Brock Nelson Jack Hughes Jamie Oleksiak Brandon Montour
Last Minutes Defensive
Center Left Wing Right Wing Defense Defense
Ryan Nugent-Hopkins Adam Lowry Jonathan Toews Jamie Oleksiak Neal Pionk
Goaltenders
Starting : Stuart Skinner
Backup : Antti Raanta
Extra Forwards
Normal : Adam Lowry, Jack Hughes, Jonathan Toews - PP : Adam Lowry, Jack Hughes - PK : Jonathan Toews
Extra Defensemen
Normal : Neal Pionk, Justin Holl, Jamie Oleksiak - PP : Neal Pionk - PK : Justin Holl, Jamie Oleksiak
Penalty Shots
Ryan Nugent-Hopkins, Evgeni Malkin, Brock Nelson, Jeff Skinner, Jack Hughes
Toronto Maple Leafs
5 vs 5 Forward
Center Left Wing Right Wing Time % Phy DF OF
1 Sam Bennett Brady Tkachuk Brandon Saad 30 1 2 2
2 Scott Laughton Trevor Zegras Troy Terry 29 1 2 2
3 Nicolas Roy Andrew Mangiapane Kyle Okposo 29 1 2 2
4 Nick Bjugstad Warren Foegele Nino Niederreiter 12 1 2 2
5 vs 5 Defense
Defense Defense Time % Phy DF OF
1 Aaron Ekblad Cody Ceci 30 1 2 2
2 Dougie Hamilton Mario Ferraro 30 1 2 2
3 Luke Schenn Ryan Pulock 25 1 2 2
4 Aaron Ekblad Cody Ceci 15 1 2 2
PowerPlay Forward
Center Left Wing Right Wing Time % Phy DF OF
1 Sam Bennett Brady Tkachuk Troy Terry 50 1 2 2
2 Scott Laughton Trevor Zegras Nino Niederreiter 50 1 2 2
PowerPlay Defense
Defense Defense Time % Phy DF OF
1 Aaron Ekblad Dougie Hamilton 50 1 2 2
2 Ryan Pulock Mario Ferraro 50 1 2 2
Penalty Kill 4 Players Forward
Center Wing Time % Phy DF OF
1 Nick Bjugstad Nicolas Roy 50 1 2 2
2 Scott Laughton Kyle Okposo 50 1 2 2
Penalty Kill 4 Players Defense
Defense Defense Time % Phy DF OF
1 Aaron Ekblad Cody Ceci 50 1 2 2
2 Ryan Pulock Mario Ferraro 50 1 2 2
Penalty Kill - 3 Players Forward
Forward Time % Phy DF OF
1 Nick Bjugstad 50 1 2 2
2 Scott Laughton 50 1 2 2
Penalty Kill - 3 Players Defense
Defense Defense Time % Phy DF OF
1 Aaron Ekblad Cody Ceci 50 1 2 2
2 Ryan Pulock Mario Ferraro 50 1 2 2
4 vs 4 Forward
Center Wing Time % Phy DF OF
1 Sam Bennett Brady Tkachuk 50 1 2 2
2 Scott Laughton Troy Terry 50 1 2 2
4 vs 4 Defense
Defense Defense Time % Phy DF OF
1 Aaron Ekblad Cody Ceci 50 1 2 2
2 Dougie Hamilton Mario Ferraro 50 1 2 2
Last Minutes Offensive
Center Left Wing Right Wing Defense Defense
Sam Bennett Brady Tkachuk Troy Terry Aaron Ekblad Cody Ceci
Last Minutes Defensive
Center Left Wing Right Wing Defense Defense
Sam Bennett Brady Tkachuk Nick Bjugstad Aaron Ekblad Cody Ceci
Goaltenders
Starting : Frederik Andersen
Backup : Cam Talbot
Extra Forwards
Normal : Andrew Mangiapane, Nicolas Roy, Nino Niederreiter - PP : Andrew Mangiapane, Nicolas Roy - PK : Nino Niederreiter
Extra Defensemen
Normal : Luke Schenn, Ryan Pulock, Dougie Hamilton - PP : Luke Schenn - PK : Ryan Pulock, Dougie Hamilton
Penalty Shots
Brady Tkachuk, Sam Bennett, Scott Laughton, Trevor Zegras, Troy Terry
% Time on Ice - Minnesota North Stars
Lines # - Real PCT - Wanted PCT - Time Play
Normal Forward
1 - 27% - 30% - 11:29
2 - 29% - 29% - 12:19
3 - 27% - 29% - 11:22
4 - 17% - 12% - 7:20
Normal Defense
1 - 32% - 30% - 13:29
2 - 32% - 30% - 13:26
3 - 25% - 25% - 10:29
4 - 12% - 15% - 5:06
PP Forward
1 - 55% - 50% - 5:48
2 - 45% - 50% - 4:48
PP Defense
1 - 54% - 50% - 5:44
2 - 46% - 50% - 4:52
PK Forward
1 - 49% - 50% - 2:58
2 - 51% - 50% - 3:04
PK Defense
1 - 49% - 50% - 2:58
2 - 51% - 50% - 3:04
PK3 Forward
1 - 0% - 50%
2 - 0% - 50%
PK3 Defense
1 - 0% - 50%
2 - 0% - 50%
44 Forward
1 - 0% - 50%
2 - 0% - 50%
44 Defense
1 - 0% - 50%
2 - 0% - 50%
Last Minute Offensive - 0:00
Last Minute Defensive - 0:52
Total
Forward - 60:00
Defense - 60:00
|
% Time on Ice - Toronto Maple Leafs
Lines # - Real PCT - Wanted PCT - Time Play
Normal Forward
1 - 29% - 30% - 12:15
2 - 29% - 29% - 12:09
3 - 28% - 29% - 11:42
4 - 15% - 12% - 6:24
Normal Defense
1 - 31% - 30% - 13:17
2 - 34% - 30% - 14:21
3 - 24% - 25% - 10:14
4 - 11% - 15% - 4:38
PP Forward
1 - 45% - 50% - 2:44
2 - 55% - 50% - 3:18
PP Defense
1 - 51% - 50% - 3:03
2 - 49% - 50% - 2:59
PK Forward
1 - 44% - 50% - 4:39
2 - 56% - 50% - 5:57
PK Defense
1 - 46% - 50% - 4:55
2 - 54% - 50% - 5:41
PK3 Forward
1 - 0% - 50%
2 - 0% - 50%
PK3 Defense
1 - 0% - 50%
2 - 0% - 50%
44 Forward
1 - 0% - 50%
2 - 0% - 50%
44 Defense
1 - 0% - 50%
2 - 0% - 50%
Last Minute Offensive - 0:52
Last Minute Defensive - 0:00
Total
Forward - 60:00
Defense - 60:00
|
Play-by-Play
1st period
0:01 of 1st period - Ryan Nugent-Hopkins wins face-off versus Brandon Saad in neutral zone.
0:50 of 1st period - Mattias Samuelsson is hit by Kyle Okposo and loses puck.
1:17 of 1st period - Snap shot by Viktor Arvidsson.
1:17 of 1st period - Shot Blocked by Mario Ferraro.
1:22 of 1st period - Off-side.
1:23 of 1st period - Warren Foegele wins face-off versus Ryan Nugent-Hopkins in neutral zone.
1:32 of 1st period - Slapshot by Nino Niederreiter.
1:32 of 1st period - Stopped by Stuart Skinner with a rebound.
1:34 of 1st period - Slapshot by Luke Schenn.
1:34 of 1st period - Shot Misses the Net.
1:38 of 1st period - Wrist shot by Nino Niederreiter.
1:38 of 1st period - Shot Misses the Net.
2:30 of 1st period - Slapshot by Ryan Nugent-Hopkins.
2:30 of 1st period - Shot Misses the Net.
4:05 of 1st period - Snap shot by Brady Tkachuk.
4:05 of 1st period - Deflect By Sam Bennett.
4:05 of 1st period - Stopped by Stuart Skinner with a rebound.
4:07 of 1st period - Snap shot by Brandon Saad.
4:07 of 1st period - Deflect By Brady Tkachuk.
4:07 of 1st period - Stopped by Stuart Skinner with a rebound.
4:09 of 1st period - Slapshot by Ryan Pulock.
4:09 of 1st period - Shot Misses the Net.
4:11 of 1st period - Snap shot by Ryan Pulock.
4:11 of 1st period - Deflect By Brady Tkachuk.
4:11 of 1st period - Stopped by Stuart Skinner with a rebound.
4:19 of 1st period - Wrist shot by Sam Bennett.
4:19 of 1st period - Shot Misses the Net.
4:21 of 1st period - Slapshot by Ryan Pulock.
4:21 of 1st period - Stopped by Stuart Skinner with a rebound.
4:23 of 1st period - Slapshot by Luke Schenn.
4:23 of 1st period - Deflect By Jamie Oleksiak.
4:23 of 1st period - Stopped by Stuart Skinner with a rebound.
4:27 of 1st period - Snap shot by Brady Tkachuk.
4:27 of 1st period - Shot Misses the Net.
4:29 of 1st period - Slapshot by Sam Bennett.
4:29 of 1st period - Stopped by Stuart Skinner without a rebound.
4:30 of 1st period - Scott Laughton wins face-off versus Brock Nelson in Minnesota North Stars zone.
5:01 of 1st period - Snap shot by Zach Parise.
5:01 of 1st period - Stopped by Frederik Andersen with a rebound.
5:03 of 1st period - Minor Penalty to Aaron Ekblad for Diving.
5:04 of 1st period - Nick Bjugstad wins face-off versus Zach Parise in Toronto Maple Leafs zone.
5:54 of 1st period - Cody Ceci is hit by Neal Pionk and loses puck.
6:09 of 1st period - Nicolas Roy is hit by Evgeni Malkin and loses puck.
6:22 of 1st period - Wrist shot by Evgeni Malkin.
6:22 of 1st period - Shot Misses the Net.
7:02 of 1st period - Jamie Oleksiak is hit by Trevor Zegras and loses puck.
7:03 of 1st period - Penalty to Aaron Ekblad is over, Aaron Ekblad is back on ice.
7:15 of 1st period - Gustav Forsling is hit by Mario Ferraro.
11:17 of 1st period - Kyle Okposo is hit by Gustav Forsling and loses puck.
13:19 of 1st period - Wrist shot by Andrew Mangiapane.
13:19 of 1st period - Stopped by Stuart Skinner without a rebound.
13:20 of 1st period - Evgeni Malkin wins face-off versus Nicolas Roy in Minnesota North Stars zone.
14:42 of 1st period - Snap shot by Kyle Okposo.
14:42 of 1st period - Stopped by Stuart Skinner with a rebound.
15:56 of 1st period - Viktor Arvidsson is hit by Mario Ferraro and loses puck.
16:44 of 1st period - Wrist shot by Zach Parise.
16:44 of 1st period - Shot Misses the Net.
17:06 of 1st period - Snap shot by Troy Terry.
17:06 of 1st period - Stopped by Stuart Skinner with a rebound.
17:08 of 1st period - Snap shot by Ryan Pulock.
17:08 of 1st period - Stopped by Stuart Skinner with a rebound.
17:28 of 1st period - Backhand shot by Kyle Okposo.
17:28 of 1st period - Shot Blocked by Neal Pionk.
17:30 of 1st period - Slapshot by Ryan Pulock.
17:30 of 1st period - Stopped by Stuart Skinner with a rebound.
17:32 of 1st period - Slapshot by Ryan Pulock.
17:32 of 1st period - Stopped by Stuart Skinner without a rebound.
17:33 of 1st period - Evgeni Malkin wins face-off versus Nicolas Roy in Minnesota North Stars zone.
17:47 of 1st period - Snap shot by Andrew Mangiapane.
17:47 of 1st period - Stopped by Stuart Skinner with a rebound.
17:59 of 1st period - Brady Tkachuk is hit by Brock Nelson and loses puck.
18:20 of 1st period - Warren Foegele is hit by Mattias Samuelsson and loses puck.
18:45 of 1st period - Slapshot by Viktor Arvidsson.
18:45 of 1st period - Shot Blocked by Mario Ferraro.
18:47 of 1st period - Slapshot by Brandon Montour.
18:47 of 1st period - Stopped by Frederik Andersen with a rebound.
18:49 of 1st period - Snap shot by Jamie Oleksiak.
18:49 of 1st period - Stopped by Frederik Andersen without a rebound.
18:50 of 1st period - Evgeni Malkin wins face-off versus Troy Terry in Toronto Maple Leafs zone.
19:22 of 1st period - Minor Penalty to Brandon Montour for Hooking.
19:23 of 1st period - Ryan Nugent-Hopkins wins face-off versus Sam Bennett in Minnesota North Stars zone.
19:49 of 1st period - Gustav Forsling is hit by Ryan Pulock and loses puck.
Goals for this period are 0 for Minnesota North Stars vs 0 for Toronto Maple Leafs.
Shots for this period are 3 for Minnesota North Stars vs 14 for Toronto Maple Leafs.
2nd period
0:01 of 2nd period - Scott Laughton wins face-off versus Frank Vatrano in neutral zone.
0:26 of 2nd period - Brady Tkachuk is hit by Mattias Samuelsson and loses puck.
0:31 of 2nd period - Snap shot by Adam Lowry.
0:31 of 2nd period - Shot Misses the Net.
0:33 of 2nd period - Snap shot by Adam Lowry.
0:33 of 2nd period - Shot Hit the Post.
0:35 of 2nd period - Wrist shot by Adam Lowry.
0:35 of 2nd period - Stopped by Frederik Andersen without a rebound.
0:36 of 2nd period - Ryan Nugent-Hopkins wins face-off versus Scott Laughton in Toronto Maple Leafs zone.
0:39 of 2nd period - Wrist shot by Adam Lowry.
0:39 of 2nd period - Deflect By Ryan Nugent-Hopkins.
0:39 of 2nd period - Shot Misses the Net.
0:39 of 2nd period - Puck is out of play.
0:40 of 2nd period - Scott Laughton wins face-off versus Ryan Nugent-Hopkins in Toronto Maple Leafs zone.
0:40 of 2nd period - Scott Laughton is hit by Ryan Nugent-Hopkins.
1:22 of 2nd period - Penalty to Brandon Montour is over, Brandon Montour is back on ice.
1:29 of 2nd period - Wrist shot by Trevor Zegras.
1:29 of 2nd period - Stopped by Stuart Skinner with a rebound.
1:39 of 2nd period - Snap shot by Frank Vatrano.
1:39 of 2nd period - Shot Blocked by Mario Ferraro.
1:41 of 2nd period - Wrist shot by Frank Vatrano.
1:41 of 2nd period - Stopped by Frederik Andersen without a rebound.
1:42 of 2nd period - Nicolas Roy wins face-off versus Evgeni Malkin in Toronto Maple Leafs zone.
1:52 of 2nd period - Slapshot by Aaron Ekblad.
1:52 of 2nd period - Shot Blocked by Adam Lowry.
1:54 of 2nd period - Wrist shot by Kyle Okposo.
1:54 of 2nd period - Stopped by Stuart Skinner without a rebound.
1:55 of 2nd period - Evgeni Malkin wins face-off versus Nicolas Roy in Minnesota North Stars zone.
2:00 of 2nd period - Snap shot by Andrew Mangiapane.
2:00 of 2nd period - Stopped by Stuart Skinner with a rebound.
2:02 of 2nd period - Snap shot by Kyle Okposo.
2:02 of 2nd period - Stopped by Stuart Skinner with a rebound.
2:04 of 2nd period - Slapshot by Aaron Ekblad.
2:04 of 2nd period - Stopped by Stuart Skinner without a rebound.
2:05 of 2nd period - Evgeni Malkin wins face-off versus Andrew Mangiapane in Minnesota North Stars zone.
2:21 of 2nd period - Snap shot by Nicolas Roy.
2:21 of 2nd period - Stopped by Stuart Skinner without a rebound.
2:22 of 2nd period - Scott Laughton wins face-off versus Brock Nelson in Minnesota North Stars zone.
2:35 of 2nd period - Scott Laughton is hit by Brock Nelson and loses puck.
3:21 of 2nd period - Aaron Ekblad is hit by Jamie Oleksiak and loses puck.
3:34 of 2nd period - Snap shot by Nick Bjugstad.
3:34 of 2nd period - Shot Blocked by Derick Brassard.
3:36 of 2nd period - Wrist shot by Warren Foegele.
3:36 of 2nd period - Stopped by Stuart Skinner with a rebound.
3:38 of 2nd period - Snap shot by Nino Niederreiter.
3:38 of 2nd period - Deflect By Brandon Montour.
3:38 of 2nd period - Shot Misses the Net.
3:38 of 2nd period - Puck is out of play.
3:39 of 2nd period - Scott Laughton wins face-off versus Eeli Tolvanen in Minnesota North Stars zone.
3:52 of 2nd period - Wrist shot by Troy Terry.
3:52 of 2nd period - Shot Blocked by Gustav Forsling.
3:54 of 2nd period - Wrist shot by Scott Laughton.
3:54 of 2nd period - Goal by Scott Laughton - Minnesota North Stars : 0 - Toronto Maple Leafs : 1.
3:55 of 2nd period - Scott Laughton wins face-off versus Brock Nelson in neutral zone.
4:03 of 2nd period - Frank Vatrano is hit by Trevor Zegras and loses puck.
4:21 of 2nd period - Aaron Ekblad is hit by Neal Pionk and loses puck.
4:30 of 2nd period - Slapshot by Brandon Montour.
4:30 of 2nd period - Deflect By Evgeni Malkin.
4:30 of 2nd period - Shot Misses the Net.
4:30 of 2nd period - Puck is out of play.
4:31 of 2nd period - Ryan Nugent-Hopkins wins face-off versus Sam Bennett in Toronto Maple Leafs zone.
5:00 of 2nd period - Brandon Montour is hit by Kyle Okposo and loses puck.
5:33 of 2nd period - Wrist shot by Brandon Montour.
5:33 of 2nd period - Shot Blocked by Trevor Zegras.
5:49 of 2nd period - Wrist shot by Warren Foegele.
5:49 of 2nd period - Deflect By Nino Niederreiter.
5:49 of 2nd period - Stopped by Stuart Skinner without a rebound.
5:50 of 2nd period - Evgeni Malkin wins face-off versus Nino Niederreiter in Minnesota North Stars zone.
5:55 of 2nd period - Slapshot by Neal Pionk.
5:55 of 2nd period - Shot Misses the Net.
6:37 of 2nd period - Minor Penalty to Adam Lowry for Holding.
6:38 of 2nd period - Sam Bennett wins face-off versus Brock Nelson in Minnesota North Stars zone.
6:47 of 2nd period - Snap shot by Troy Terry.
6:47 of 2nd period - Stopped by Stuart Skinner with a rebound.
6:49 of 2nd period - Wrist shot by Dougie Hamilton.
6:49 of 2nd period - Stopped by Stuart Skinner with a rebound.
6:51 of 2nd period - Wrist shot by Dougie Hamilton.
6:51 of 2nd period - Shot Misses the Net.
6:53 of 2nd period - Slapshot by Dougie Hamilton.
6:53 of 2nd period - Shot Misses the Net.
8:04 of 2nd period - Mattias Samuelsson is hit by Troy Terry and loses puck.
8:15 of 2nd period - Sam Bennett is hit by Frank Vatrano.
8:19 of 2nd period - Jamie Oleksiak is hit by Sam Bennett and loses puck.
8:37 of 2nd period - Penalty to Adam Lowry is over, Adam Lowry is back on ice.
8:44 of 2nd period - Adam Lowry is hit by Scott Laughton and loses puck.
8:51 of 2nd period - Trevor Zegras is hit by Neal Pionk and loses puck.
8:56 of 2nd period - Wrist shot by Evgeni Malkin.
8:56 of 2nd period - Shot Blocked by Ryan Pulock.
8:58 of 2nd period - Slapshot by Evgeni Malkin.
8:58 of 2nd period - Stopped by Frederik Andersen without a rebound.
8:59 of 2nd period - Derick Brassard wins face-off versus Nicolas Roy in Toronto Maple Leafs zone.
9:02 of 2nd period - Snap shot by Eeli Tolvanen.
9:02 of 2nd period - Shot Blocked by Cody Ceci.
9:04 of 2nd period - Wrist shot by Derick Brassard.
9:04 of 2nd period - Stopped by Frederik Andersen with a rebound.
9:06 of 2nd period - Slapshot by Gustav Forsling.
9:06 of 2nd period - Stopped by Frederik Andersen without a rebound.
9:07 of 2nd period - Nicolas Roy wins face-off versus Derick Brassard in Toronto Maple Leafs zone.
9:07 of 2nd period - Nicolas Roy is hit by Gustav Forsling.
9:17 of 2nd period - Wrist shot by Derick Brassard.
9:17 of 2nd period - Stopped by Frederik Andersen with a rebound.
9:21 of 2nd period - Slapshot by Eeli Tolvanen.
9:21 of 2nd period - Stopped by Frederik Andersen without a rebound.
9:22 of 2nd period - Evgeni Malkin wins face-off versus Sam Bennett in Toronto Maple Leafs zone.
9:31 of 2nd period - Snap shot by Evgeni Malkin.
9:31 of 2nd period - Shot Hit the Post.
9:33 of 2nd period - Wrist shot by Brandon Montour.
9:33 of 2nd period - Stopped by Frederik Andersen with a rebound.
9:38 of 2nd period - Minor Penalty to Sam Bennett for Goalie Interference.
9:39 of 2nd period - Nick Bjugstad wins face-off versus Ryan Nugent-Hopkins in Toronto Maple Leafs zone.
9:53 of 2nd period - Slapshot by Ryan Nugent-Hopkins.
9:53 of 2nd period - Shot Misses the Net.
9:55 of 2nd period - Slapshot by Gustav Forsling.
9:55 of 2nd period - Shot Blocked by Mario Ferraro.
10:13 of 2nd period - Snap shot by Evgeni Malkin.
10:13 of 2nd period - Stopped by Frederik Andersen without a rebound.
10:14 of 2nd period - Scott Laughton wins face-off versus Ryan Nugent-Hopkins in Toronto Maple Leafs zone.
10:14 of 2nd period - Scott Laughton is hit by Ryan Nugent-Hopkins.
11:38 of 2nd period - Penalty to Sam Bennett is over, Sam Bennett is back on ice.
11:49 of 2nd period - Mario Ferraro is hit by Gustav Forsling and loses puck.
12:06 of 2nd period - Adam Lowry is hit by Troy Terry and loses puck.
12:37 of 2nd period - Ryan Pulock is hit by Derick Brassard and loses puck.
13:20 of 2nd period - Backhand shot by Brandon Montour.
13:20 of 2nd period - Deflect By Zach Parise.
13:20 of 2nd period - Shot Misses the Net.
13:20 of 2nd period - Puck is out of play.
13:21 of 2nd period - Evgeni Malkin wins face-off versus Nick Bjugstad in Toronto Maple Leafs zone.
14:06 of 2nd period - Minor Penalty to Brock Nelson for Roughing.
14:07 of 2nd period - Jonathan Toews wins face-off versus Sam Bennett in Minnesota North Stars zone.
14:17 of 2nd period - Off-side.
14:18 of 2nd period - Jonathan Toews wins face-off versus Sam Bennett in neutral zone.
14:21 of 2nd period - Slapshot by Jamie Oleksiak.
14:21 of 2nd period - Deflect By Jonathan Toews.
14:21 of 2nd period - Stopped by Frederik Andersen with a rebound.
14:44 of 2nd period - Aaron Ekblad is hit by Adam Lowry and loses puck.
15:29 of 2nd period - Icing by Sam Bennett.
15:30 of 2nd period - Brady Tkachuk wins face-off versus Ryan Nugent-Hopkins in Toronto Maple Leafs zone.
15:30 of 2nd period - Brady Tkachuk is hit by Jamie Oleksiak.
15:37 of 2nd period - Icing by Aaron Ekblad.
15:38 of 2nd period - Jonathan Toews wins face-off versus Scott Laughton in Toronto Maple Leafs zone.
15:47 of 2nd period - Frank Vatrano is hit by Trevor Zegras and loses puck.
16:04 of 2nd period - Troy Terry is hit by Gustav Forsling and loses puck.
16:06 of 2nd period - Penalty to Brock Nelson is over, Brock Nelson is back on ice.
16:15 of 2nd period - Wrist shot by Ryan Nugent-Hopkins.
16:15 of 2nd period - Shot Misses the Net.
16:17 of 2nd period - Slapshot by Brandon Montour.
16:17 of 2nd period - Deflect By Ryan Nugent-Hopkins.
16:17 of 2nd period - Stopped by Frederik Andersen without a rebound.
16:18 of 2nd period - Nicolas Roy wins face-off versus Brock Nelson in Toronto Maple Leafs zone.
16:33 of 2nd period - Slapshot by Jeff Skinner.
16:33 of 2nd period - Stopped by Frederik Andersen with a rebound.
16:50 of 2nd period - Snap shot by Jonathan Toews.
16:50 of 2nd period - Stopped by Frederik Andersen with a rebound.
16:56 of 2nd period - Snap shot by Brandon Saad.
16:56 of 2nd period - Stopped by Stuart Skinner without a rebound.
16:57 of 2nd period - Scott Laughton wins face-off versus Brock Nelson in Minnesota North Stars zone.
16:58 of 2nd period - Snap shot by Troy Terry.
16:58 of 2nd period - Stopped by Stuart Skinner with a rebound.
17:20 of 2nd period - Icing by Brock Nelson.
17:21 of 2nd period - Nicolas Roy wins face-off versus Evgeni Malkin in Minnesota North Stars zone.
17:30 of 2nd period - Snap shot by Andrew Mangiapane.
17:30 of 2nd period - Shot Misses the Net.
17:32 of 2nd period - Slapshot by Cody Ceci.
17:32 of 2nd period - Goal by Cody Ceci - Minnesota North Stars : 0 - Toronto Maple Leafs : 2.
17:33 of 2nd period - Brock Nelson wins face-off versus Kyle Okposo in neutral zone.
17:48 of 2nd period - Kyle Okposo is hit by Jeff Skinner and loses puck.
17:55 of 2nd period - Minor Penalty to Aaron Ekblad for Roughing.
17:56 of 2nd period - Ryan Nugent-Hopkins wins face-off versus Scott Laughton in Toronto Maple Leafs zone.
19:55 of 2nd period - Penalty to Aaron Ekblad is over, Aaron Ekblad is back on ice.
Goals for this period are 0 for Minnesota North Stars vs 2 for Toronto Maple Leafs.
Shots for this period are 13 for Minnesota North Stars vs 14 for Toronto Maple Leafs.
3rd period
0:01 of 3rd period - Brock Nelson wins face-off versus Sam Bennett in neutral zone.
0:16 of 3rd period - Snap shot by Frank Vatrano.
0:16 of 3rd period - Stopped by Frederik Andersen without a rebound.
0:17 of 3rd period - Troy Terry wins face-off versus Ryan Nugent-Hopkins in Toronto Maple Leafs zone.
0:50 of 3rd period - Wrist shot by Brady Tkachuk.
0:50 of 3rd period - Shot Misses the Net.
0:52 of 3rd period - Snap shot by Brady Tkachuk.
0:52 of 3rd period - Deflect By Jack Hughes.
0:52 of 3rd period - Stopped by Stuart Skinner with a rebound.
1:02 of 3rd period - Snap shot by Sam Bennett.
1:02 of 3rd period - Shot Misses the Net.
1:14 of 3rd period - Snap shot by Brandon Montour.
1:14 of 3rd period - Stopped by Frederik Andersen without a rebound.
1:15 of 3rd period - Brock Nelson wins face-off versus Nicolas Roy in Toronto Maple Leafs zone.
1:40 of 3rd period - Jeff Skinner is hit by Nicolas Roy and loses puck.
2:07 of 3rd period - Wrist shot by Kyle Okposo.
2:07 of 3rd period - Stopped by Stuart Skinner without a rebound.
2:08 of 3rd period - Evgeni Malkin wins face-off versus Scott Laughton in Minnesota North Stars zone.
2:56 of 3rd period - Off-side.
2:57 of 3rd period - Nick Bjugstad wins face-off versus Derick Brassard in neutral zone.
3:33 of 3rd period - Icing by Jeff Skinner.
3:34 of 3rd period - Brock Nelson wins face-off versus Sam Bennett in Minnesota North Stars zone.
4:05 of 3rd period - Wrist shot by Evgeni Malkin.
4:05 of 3rd period - Goal by Evgeni Malkin - Minnesota North Stars : 1 - Toronto Maple Leafs : 2.
4:06 of 3rd period - Evgeni Malkin wins face-off versus Scott Laughton in neutral zone.
4:19 of 3rd period - Snap shot by Evgeni Malkin.
4:19 of 3rd period - Stopped by Frederik Andersen with a rebound.
4:21 of 3rd period - Wrist shot by Zach Parise.
4:21 of 3rd period - Stopped by Frederik Andersen with a rebound.
4:27 of 3rd period - Minor Penalty to Aaron Ekblad for Interference.
4:28 of 3rd period - Ryan Nugent-Hopkins wins face-off versus Scott Laughton in Toronto Maple Leafs zone.
4:33 of 3rd period - Slapshot by Jack Hughes.
4:33 of 3rd period - Shot Misses the Net.
4:35 of 3rd period - Slapshot by Gustav Forsling.
4:35 of 3rd period - Deflect By Ryan Nugent-Hopkins.
4:35 of 3rd period - Shot Misses the Net.
4:35 of 3rd period - Puck is out of play.
4:36 of 3rd period - Ryan Nugent-Hopkins wins face-off versus Scott Laughton in Toronto Maple Leafs zone.
4:37 of 3rd period - Slapshot by Brock Nelson.
4:37 of 3rd period - Stopped by Frederik Andersen with a rebound.
4:39 of 3rd period - Snap shot by Gustav Forsling.
4:39 of 3rd period - Stopped by Frederik Andersen without a rebound.
4:40 of 3rd period - Nick Bjugstad wins face-off versus Ryan Nugent-Hopkins in Toronto Maple Leafs zone.
6:27 of 3rd period - Penalty to Aaron Ekblad is over, Aaron Ekblad is back on ice.
7:05 of 3rd period - Cody Ceci is hit by Derick Brassard and loses puck.
7:12 of 3rd period - Snap shot by Dougie Hamilton.
7:12 of 3rd period - Shot Misses the Net.
7:44 of 3rd period - Snap shot by Sam Bennett.
7:44 of 3rd period - Shot Blocked by Brandon Montour.
8:10 of 3rd period - Snap shot by Brandon Saad.
8:10 of 3rd period - Stopped by Stuart Skinner without a rebound.
8:11 of 3rd period - Evgeni Malkin wins face-off versus Nicolas Roy in Minnesota North Stars zone.
8:20 of 3rd period - Snap shot by Zach Parise.
8:20 of 3rd period - Shot Misses the Net.
8:22 of 3rd period - Slapshot by Justin Holl.
8:22 of 3rd period - Stopped by Frederik Andersen without a rebound.
8:23 of 3rd period - Scott Laughton wins face-off versus Brock Nelson in Toronto Maple Leafs zone.
8:30 of 3rd period - Trevor Zegras is hit by Frank Vatrano and loses puck.
8:39 of 3rd period - Wrist shot by Jeff Skinner.
8:39 of 3rd period - Shot Misses the Net.
8:49 of 3rd period - Snap shot by Zach Parise.
8:49 of 3rd period - Shot Misses the Net.
8:51 of 3rd period - Snap shot by Adam Lowry.
8:51 of 3rd period - Stopped by Frederik Andersen with a rebound.
9:17 of 3rd period - Minor Penalty to Aaron Ekblad for Holding.
9:18 of 3rd period - Nick Bjugstad wins face-off versus Ryan Nugent-Hopkins in Toronto Maple Leafs zone.
9:18 of 3rd period - Nick Bjugstad is hit by Jamie Oleksiak.
9:32 of 3rd period - Mario Ferraro is hit by Jamie Oleksiak and loses puck.
9:33 of 3rd period - Mario Ferraro from Toronto Maple Leafs is injured at 9:33 of 3rd period (Sprained Right Ankle).
9:34 of 3rd period - Nick Bjugstad wins face-off versus Evgeni Malkin in Toronto Maple Leafs zone.
9:47 of 3rd period - Backhand shot by Brandon Montour.
9:47 of 3rd period - Shot Blocked by Kyle Okposo.
9:49 of 3rd period - Snap shot by Brandon Montour.
9:49 of 3rd period - Goal by Brandon Montour - Minnesota North Stars : 2 - Toronto Maple Leafs : 2.
9:50 of 3rd period - Ryan Nugent-Hopkins wins face-off versus Scott Laughton in neutral zone.
10:29 of 3rd period - Wrist shot by Jeff Skinner.
10:29 of 3rd period - Stopped by Frederik Andersen with a rebound.
10:35 of 3rd period - Minor Penalty to Luke Schenn for Hooking.
10:36 of 3rd period - Nick Bjugstad wins face-off versus Ryan Nugent-Hopkins in Toronto Maple Leafs zone.
10:49 of 3rd period - Slapshot by Ryan Nugent-Hopkins.
10:49 of 3rd period - Stopped by Frederik Andersen without a rebound.
10:50 of 3rd period - Evgeni Malkin wins face-off versus Nick Bjugstad in Toronto Maple Leafs zone.
10:55 of 3rd period - Slapshot by Brandon Montour.
10:55 of 3rd period - Shot Misses the Net.
11:54 of 3rd period - Wrist shot by Jack Hughes.
11:54 of 3rd period - Shot Misses the Net.
11:56 of 3rd period - Snap shot by Ryan Nugent-Hopkins.
11:56 of 3rd period - Stopped by Frederik Andersen with a rebound.
11:58 of 3rd period - Slapshot by Neal Pionk.
11:58 of 3rd period - Stopped by Frederik Andersen with a rebound.
12:20 of 3rd period - Snap shot by Brock Nelson.
12:20 of 3rd period - Stopped by Frederik Andersen with a rebound.
12:22 of 3rd period - Slapshot by Neal Pionk.
12:22 of 3rd period - Shot Misses the Net.
12:35 of 3rd period - Penalty to Luke Schenn is over, Luke Schenn is back on ice.
13:13 of 3rd period - Icing by Dougie Hamilton.
13:14 of 3rd period - Evgeni Malkin wins face-off versus Scott Laughton in Toronto Maple Leafs zone.
13:19 of 3rd period - Slapshot by Zach Parise.
13:19 of 3rd period - Stopped by Frederik Andersen without a rebound.
13:20 of 3rd period - Zach Parise wins face-off versus Sam Bennett in Toronto Maple Leafs zone.
13:31 of 3rd period - Wrist shot by Adam Lowry.
13:31 of 3rd period - Stopped by Frederik Andersen with a rebound.
14:07 of 3rd period - Zach Parise is hit by Aaron Ekblad and loses puck.
14:36 of 3rd period - Jeff Skinner is hit by Luke Schenn and loses puck.
14:41 of 3rd period - Wrist shot by Troy Terry.
14:41 of 3rd period - Stopped by Stuart Skinner with a rebound.
14:43 of 3rd period - Slapshot by Trevor Zegras.
14:43 of 3rd period - Shot Blocked by Jamie Oleksiak.
14:57 of 3rd period - Zach Parise is hit by Nick Bjugstad and loses puck.
16:28 of 3rd period - Icing by Brady Tkachuk.
16:29 of 3rd period - Scott Laughton wins face-off versus Derick Brassard in Toronto Maple Leafs zone.
16:34 of 3rd period - Frank Vatrano is hit by Andrew Mangiapane and loses puck.
17:06 of 3rd period - Icing by Cody Ceci.
17:07 of 3rd period - Nicolas Roy wins face-off versus Evgeni Malkin in Toronto Maple Leafs zone.
17:07 of 3rd period - Nicolas Roy is hit by Zach Parise.
17:19 of 3rd period - Slapshot by Evgeni Malkin.
17:19 of 3rd period - Stopped by Frederik Andersen without a rebound.
17:20 of 3rd period - Brock Nelson wins face-off versus Nick Bjugstad in Toronto Maple Leafs zone.
17:24 of 3rd period - Minor Penalty to Luke Schenn for Holding Stick.
17:25 of 3rd period - Nick Bjugstad wins face-off versus Jeff Skinner in Toronto Maple Leafs zone.
17:33 of 3rd period - Slapshot by Gustav Forsling.
17:33 of 3rd period - Goal by Gustav Forsling - Minnesota North Stars : 3 - Toronto Maple Leafs : 2.
17:34 of 3rd period - Brock Nelson wins face-off versus Nicolas Roy in neutral zone.
17:41 of 3rd period - Slapshot by Andrew Mangiapane.
17:41 of 3rd period - Stopped by Stuart Skinner with a rebound.
17:43 of 3rd period - Slapshot by Cody Ceci.
17:43 of 3rd period - Deflect By Neal Pionk.
17:43 of 3rd period - Stopped by Stuart Skinner with a rebound.
17:45 of 3rd period - Snap shot by Aaron Ekblad.
17:45 of 3rd period - Shot Misses the Net.
17:47 of 3rd period - Slapshot by Cody Ceci.
17:47 of 3rd period - Shot Blocked by Brock Nelson.
18:01 of 3rd period - Aaron Ekblad is hit by Ryan Nugent-Hopkins and loses puck.
18:08 of 3rd period - Wrist shot by Ryan Nugent-Hopkins.
18:08 of 3rd period - Goal by Ryan Nugent-Hopkins - Minnesota North Stars : 4 - Toronto Maple Leafs : 2.
18:09 of 3rd period - Brock Nelson wins face-off versus Kyle Okposo in neutral zone.
18:23 of 3rd period - Slapshot by Aaron Ekblad.
18:23 of 3rd period - Deflect By Kyle Okposo.
18:23 of 3rd period - Stopped by Stuart Skinner without a rebound.
18:24 of 3rd period - Nicolas Roy wins face-off versus Brock Nelson in Minnesota North Stars zone.
18:29 of 3rd period - Snap shot by Andrew Mangiapane.
18:29 of 3rd period - Stopped by Stuart Skinner with a rebound.
18:31 of 3rd period - Wrist shot by Nicolas Roy.
18:31 of 3rd period - Stopped by Stuart Skinner without a rebound.
18:32 of 3rd period - Nicolas Roy wins face-off versus Brock Nelson in Minnesota North Stars zone.
18:47 of 3rd period - Wrist shot by Andrew Mangiapane.
18:47 of 3rd period - Stopped by Stuart Skinner without a rebound.
18:48 of 3rd period - Nick Bjugstad wins face-off versus Derick Brassard in Minnesota North Stars zone.
18:51 of 3rd period - Wrist shot by Nino Niederreiter.
18:51 of 3rd period - Stopped by Stuart Skinner without a rebound.
18:52 of 3rd period - Nick Bjugstad wins face-off versus Derick Brassard in Minnesota North Stars zone.
18:53 of 3rd period - Snap shot by Nino Niederreiter.
18:53 of 3rd period - Shot Blocked by Neal Pionk.
18:55 of 3rd period - Snap shot by Nick Bjugstad.
18:55 of 3rd period - Stopped by Stuart Skinner without a rebound.
18:56 of 3rd period - Nick Bjugstad wins face-off versus Derick Brassard in Minnesota North Stars zone.
18:59 of 3rd period - Snap shot by Nino Niederreiter.
18:59 of 3rd period - Stopped by Stuart Skinner without a rebound.
19:00 of 3rd period - Brock Nelson wins face-off versus Andrew Mangiapane in Minnesota North Stars zone.
19:02 of 3rd period - Minor Penalty to Neal Pionk for Slashing.
19:03 of 3rd period - Sam Bennett wins face-off versus Ryan Nugent-Hopkins in Minnesota North Stars zone.
19:07 of 3rd period - Snap shot by Brady Tkachuk.
19:07 of 3rd period - Goal by Brady Tkachuk - Minnesota North Stars : 4 - Toronto Maple Leafs : 3.
19:08 of 3rd period - Ryan Nugent-Hopkins wins face-off versus Sam Bennett in neutral zone.
19:18 of 3rd period - Toronto Maple Leafs, Frederik Andersen is pulled from the net.
19:49 of 3rd period - Snap shot by Ryan Nugent-Hopkins.
19:49 of 3rd period - Deflect By Jonathan Toews.
19:49 of 3rd period - Shot Misses the Net.
19:49 of 3rd period - Puck is out of play.
19:50 of 3rd period - Mike Babcock call a timeout for Toronto Maple Leafs.
19:50 of 3rd period - Frederik Andersen from Toronto Maple Leafs was sent back in the game.
19:50 of 3rd period - Ryan Nugent-Hopkins wins face-off versus Sam Bennett in Toronto Maple Leafs zone.
19:58 of 3rd period - Toronto Maple Leafs, Frederik Andersen is pulled from the net.
Goals for this period are 4 for Minnesota North Stars vs 1 for Toronto Maple Leafs.
Shots for this period are 20 for Minnesota North Stars vs 14 for Toronto Maple Leafs.
Back to the Top